 Dungeon Crawl Stone Soup version 0.17-a0-1920-gafa4d75 (webtiles) character file.

80 DecibelRebel the Charmwright (level 3, -5/29 HPs)
             Began as a Demigod Skald on Sept 27, 2015.
             Slain by an orc
             ... wielding a +0 hand axe
              (7 damage)
             ... on level 3 of the Dungeon.
             The game lasted 00:04:52 (2092 turns).

DecibelRebel the Charmwright (Demigod Skald)        Turns: 2092, Time: 00:04:52

Health: -5/29      AC:  5    Str: 17    XL:     3   Next: 98%
Magic:  8/8        EV: 11    Int: 16    God:
Gold:   76         SH:  0    Dex: 15    Spells: 3 memorised, 1 level left

rFire  . . .     SeeInvis .     a - +0 falchion
rCold  . . .     Clarity  .     g - +0 ring mail
rNeg   . . .     SustAt   +     (no shield)
rPois  .         Gourm    .     (no helmet)
rElec  .         Spirit   .     (no cloak)
rCorr  .         Warding  .     (no gloves)
rMut   +         Stasis   .     (no boots)
MR     .....                    f - amulet of resist mutation
Stlth  ..........               (no ring)
                                s - ring of loudness (curse)

@: not resistant to hostile enchantments, extremely unstealthy
A: high mp 1, sustain attributes
a: no special abilities


You were on level 3 of the Dungeon.
You were not hungry.

You visited 1 branch of the dungeon, and saw 3 of its levels.

You collected 76 gold pieces.

Inventory:

Hand weapons
 a - a +0 falchion (weapon)
Armour
 b - a +0 leather armour
 g - a +0 ring mail (worn)
Jewellery
 f - an amulet of resist mutation (around neck)
 s - a cursed ring of loudness (left hand)
Magical devices
 l - a wand of digging (18)
Scrolls
 h - a scroll of recharging {unknown}
 i - a scroll of magic mapping {unknown}
 j - a scroll of fear {unknown}
 k - a scroll of fog {unknown}
 n - a scroll of amnesia {unknown}
 o - a scroll of enchant weapon {unknown}
 r - a scroll of immolation {unknown}
Potions
 d - a potion of curing {unknown}
 e - a potion of brilliance {unknown}
 p - a potion of heal wounds {unknown}
Books
 c - a book of Battle

   Spells                             Type                      Level
   a - Infusion                       Charms                       1
   b - Shroud of Golubria             Charms/Translocation         2
   c - Song of Slaying                Charms                       2
   d - Spectral Weapon                Hexes/Charms                 3
   e - Regeneration                   Charms/Necromancy            3
Comestibles
 m - 3 meat rations
 q - a royal jelly


   Skills:
 - Level 2.0 Fighting
 - Level 2.0 Long Blades
 - Level 1.1 Armour
 - Level 1.0 Dodging
 - Level 2.0 Spellcasting
 * Level 4.1 Charms


You had one spell level left.
You knew the following spells:

 Your Spells              Type           Power        Failure   Level  Hunger
a - Infusion              Chrm           ##....       10%         1    #......
b - Song of Slaying       Chrm           ##......     12%         2    ###....
c - Shroud of Golubria    Chrm/Tloc      #.........   24%         2    ###....


Dungeon Overview and Level Annotations

Branches:
Dungeon (3/15)


Innate Abilities, Weirdness & Mutations

You have an increased reservoir of magic (+10% MP).
Your attributes are resistant to harm.


Message History

The orc hits you with a hand axe.
* * * LOW HITPOINT WARNING * * *
The orc priest hits you but does no damage.
You barely miss the orc priest.
The orc priest is severely wounded.
The orc barely misses you. The orc hits you but does no damage.
The orc priest hits you.
* * * LOW HITPOINT WARNING * * *
You hit the orc priest.
You kill the orc priest!
Your Charms skill increases to level 4!
The orc misses you. The orc hits you with a hand axe.
* * * LOW HITPOINT WARNING * * *
The orc closely misses you. The orc barely misses you.
The orc hits you but does no damage. The orc barely misses you.
You completely miss the orc. You barely miss the orc.
The orc hits you with a hand axe.
* * * LOW HITPOINT WARNING * * *
You closely miss the orc. The orc misses you. The orc hits you with a hand axe!
You die...

..%....# .......# .#
......#### #.#
######........ ...
#............ #.#
#........# #.#
#....o...###### #.##
#...@o........####.##
####.#..>............
#.#........####.##
...........####.##
#................##
....................
##.###.#####.#######
#.# #.# #.# # #.# #(
#


You could see 2 orcs.

Vanquished Creatures
  An orc priest (D:3)
  An adder (D:2)
  2 giant geckos (D:3)
  9 goblins
  6 hobgoblins
  8 kobolds
  A quokka (D:2)
  2 bats
  4 giant cockroaches
  2 giant newts
  A jackal (D:1)
  A rat (D:2)
38 creatures vanquished.

Notes
Turn   | Place    | Note
--------------------------------------------------------------
     0 | D:1      | DecibelRebel the Demigod Skald began the quest for the Orb.
     0 | D:1      | Reached XP level 1. HP: 17/17 MP: 5/5
    14 | D:1      | Reached skill level 1 in Armour
   310 | D:1      | Reached skill level 1 in Dodging
   310 | D:1      | Reached XP level 2. HP: 15/24 MP: 7/7
   477 | D:1      | Reached skill level 3 in Charms
   787 | D:2      | Learned a level 2 spell: Song of Slaying
  1231 | D:2      | Reached XP level 3. HP: 10/29 MP: 8/8
  1486 | D:2      | Learned a level 2 spell: Shroud of Golubria
  1543 | D:2      | Found a stormy altar of Qazlal.
  2084 | D:3      | Reached skill level 4 in Charms
  2092 | D:3      | Slain by an orc

Vault maps used:
D:1:      minmay_arrival_radiant_lines, grunt_decor_cap,
          minmay_misc_feat_ornament
D:2:      grunt_qazlal_sundering, minmay_misc_feat_columns
D:3:      first_bread, hangedman_glass_teeth, minivault_4,
          roderic_nine_men_s_morris, grunt_decor_resistance

Action                   || total
-------------------------++-------
Melee: Falchion          ||   159
 Cast: Infusion          ||     2
  Eat: Bread ration      ||     1
